 Dungeon Crawl Stone Soup version 0.26-a0-597-gb535b0901c (webtiles) character file.

Game seed: 15449667879276276279

(classic levelgen) 193 EnegeticOcto the Covered (level 5, -2/49 HPs)
             Began as a Deep Dwarf Fighter on Sept 1, 2020.
             Succumbed to an orc wizard's poison
             ... on level 3 of the Dungeon.
             The game lasted 00:00:47 (380 turns).

EnegeticOcto the Covered (Deep Dwarf Fighter)        Turns: 380, Time: 00:00:47

Health: -2/49      AC:  9    Str: 20    XL:     5   Next: 44%
Magic:  2/2        EV:  5    Int:  9    God:
Gold:   21         SH:  9    Dex: 12    Spells: 4/4 levels left

rFire    . . .     SeeInvis .   a - +0 war axe
rCold    . . .     Faith    .   c - +0 kite shield
rNeg     . . .     Spirit   .   m - +0 chain mail
rPois    .         Reflect  .   (no helmet)
rElec    .         Harm     .   (no cloak)
rCorr    .                      (no gloves)
MR       +....                  (no boots)
Stlth    ..........             e - amulet of magic regeneration
HPRegen  0.00/turn              f - ring of protection from magic
MPRegen  0.33/turn              (no ring)

@: lethally poisoned (-2 -> -70), non-regenerating
A: damage resistance, heal wounds, sense surroundings 1, no regeneration
a: Heal Wounds


You were on level 3 of the Dungeon.
You visited 1 branch of the dungeon, and saw 3 of its levels.

You collected 21 gold pieces.

Inventory:

Hand Weapons
 a - a +0 war axe (weapon)
 j - a +1 vampiric dagger
Armour
 b - a +0 scale mail
 c - a +0 kite shield (worn)
 m - a +0 chain mail (worn)
Jewellery
 e - an amulet of magic regeneration (around neck)
 f - a ring of protection from magic (left hand)
Scrolls
 i - a scroll of teleportation {unknown}
 k - a scroll of enchant armour {unknown}
 l - a scroll of noise {unknown}
 n - a scroll of enchant weapon {unknown}
 o - a scroll of random uselessness {unknown}
Potions
 d - a potion of might {@q3}
 g - a potion of cancellation {unknown}
 h - a potion of degeneration {unknown}


   Skills:
 + Level 3.5 Fighting
 + Level 1.1 Short Blades
 - Level 3.6 Axes
 + Level 4.3 Armour
 + Level 4.2 Shields


You had 4 spell levels left.
You didn't know any spells.
Your spell library was empty.

Dungeon Overview and Level Annotations

Branches:
Dungeon (3/15)

Altars:


Innate Abilities, Weirdness & Mutations

You are resistant to damage.
You can heal yourself by infusing magical energy.
You passively map a small area around you.
You do not regenerate.


Message History

You slash the orc priest!
The orc priest is almost dead.
You closely miss something. You barely miss the worker ant.
You feel very sick. The worker ant bites you.
You are lethally poisoned!
The worker ant poisons you! Something hits you but does no damage.
You block the orc priest's attack.
The worker ant bites you but does no damage.
You slash the orc priest!
You kill the orc priest!
Your Short Blades skill increases to level 1!
You barely miss something. You barely miss the worker ant.
You feel very sick. The bat barely misses you.
You hear some strange, mumbled words.
A magic dart appears from out of thin air!
The magic dart hits you. The worker ant barely misses you.
Something hits you but does no damage.
You are more poisoned.
The worker ant bites you.
You slash the worker ant!
The worker ant is heavily wounded.
You miss something.
You feel extremely sick. You block the bat's attack.
The worker ant bites you but does no damage.
Something hits you but does no damage.
You are too injured to fight recklessly!
You are too injured to fight recklessly!
You are too injured to fight recklessly!
You are too injured to fight recklessly!
You are too injured to fight recklessly!
You are too injured to fight recklessly!
You are too injured to fight recklessly!
You are too injured to fight recklessly!
You are too injured to fight recklessly!
You are too injured to fight recklessly!
You are too injured to fight recklessly!
Your magical essence is drained by the effort!
You feel much better.
You feel very sick. You block the bat's attack. The bat barely misses you.
The worker ant barely misses you. Something hits you but does no damage.
You are lethally poisoned!
Your magical essence is drained by the effort!
You feel much better.
You feel very sick. You block the bat's attack.
The bat hits you but does no damage. The worker ant bites you.
You are more poisoned.
The worker ant poisons you! Something hits you but does no damage.
You are more poisoned.
The worker ant bites you but does no damage.
You closely miss the worker ant.
The worker ant is heavily wounded.
You miss something.
You feel extremely sick.
The bat hits you but does no damage. x2; Something hits you but does no damage.
You are more poisoned.
The worker ant bites you.
You are more poisoned.
The worker ant poisons you! You block the bat's attack.
You slash the worker ant!
You kill the worker ant!
You miss the bat. You slash something!
You feel extremely sick. You block the bat's attack.
You block something's attack. Something completely misses you.
You barely miss something.
You feel extremely sick. Something hits you.
You are more poisoned.
The bat barely misses you.
You are too injured to fight recklessly!
You are too injured to fight recklessly!
You are too injured to fight recklessly!
You are too injured to fight recklessly!
You are too injured to fight recklessly!
You are too injured to fight recklessly!
You are too injured to fight recklessly!
You are too injured to fight recklessly!
You are too injured to fight recklessly!
You fail to use your ability.
* * * LOW HITPOINT WARNING * * *
You feel very sick. The bat hits you but does no damage.
Something hits you but does no damage.
You are more poisoned.
You fail to use your ability.
* * * LOW HITPOINT WARNING * * *
You feel very sick. You block the bat's attack.
Something hits you but does no damage.
You are more poisoned.
You are too injured to fight recklessly!
You are too injured to fight recklessly!
You are too injured to fight recklessly!
You are too injured to fight recklessly!
You are too injured to fight recklessly!
You fail to use your ability.
You die...

(####.## #....#
(#.....## #....##
........## #.....# ,
..)......# #.....#### ,
.........# #........# ,
..............##.##.#
..............##.# #
.............. #.#*
.........#.... #@# ,, ,
...>....#......{b)...# >
##.....#...............#
, ............... *,
..<............
............... , ,
............... *
............!.# , , , ,
*


You could see a bat.

Vanquished Creatures
  A jelly (D:2)
  An orc priest (D:3)
  Jessica (D:2)
  Terence (D:2)
  A worker ant (D:3)
  3 adders (D:2)
  A worm (D:2)
  A dart slug (D:2)
  3 orcs (D:3)
  4 bats
  3 giant cockroaches (D:3)
  5 hobgoblins
  2 frilled lizards
  2 goblins
  A kobold (D:3)
  2 rats
32 creatures vanquished.

Notes
Turn   | Place    | Note
-------+----------+-------------------------------------------
     0 | D:1      | EnegeticOcto the Deep Dwarf Fighter began the quest for the
                  | Orb.
     0 | D:1      | Reached XP level 1. HP: 20/20 MP: 1/1
    50 | D:2      | Noticed Terence
    57 | D:2      | Killed Terence
    57 | D:2      | Reached XP level 2. HP: 27/27 MP: 2/2
    57 | D:2      | Reached XP level 3. HP: 33/33 MP: 3/3
   203 | D:2      | Noticed Jessica
   215 | D:2      | Reached XP level 4. HP: 19/42 MP: 4/4
   234 | D:2      | Killed Jessica
   360 | D:3      | Reached XP level 5. HP: 33/49 MP: 4/4
   371 | D:3      | Reached skill level 1 in Short Blades
   380 | D:3      | Succumbed to an orc wizard's poison

Illustrated notes

Levels and vault maps discovered:
D:1:      ldierk_walled_garden_2, layout_basic
D:2:      layout_rooms, corner_web_ring, minmay_goblin_kobold_house,
          uniq_terence, uniq_jessica
D:3:      layout_rooms

Skill      XL: |  1  2  3  4  5 |
---------------+----------------+-----
Axes           | 3 |  3.6
Fighting       | 3 |  3.5
Armour         | 4 |  4.3
Shields        | 4 |  4.2
Short Blades   | 1 |  1.1

Action                   |  1- 3 |  4- 6 || total
-------------------------+-------+-------++-------
Melee: War axe           |    53 |    48 ||   101
 Abil: Heal Wounds       |       |     6 ||     6
Armor: Scale mail        |    30 |     2 ||    32
       Chain mail        |       |    47 ||    47
Dodge: Dodged            |    21 |    15 ||    36
Block: Kite shield       |    31 |    34 ||    65

Table legend: (Time is in decaauts)
 A = Elapsed time spent in this place.
 B = Non-inter-level travel time spent in this place.
 C = Inter-level travel time spent in this place.
 D = Time resting spent in this place.
 E = Time spent auto-exploring this place.
 F = Levels seen in this place.
 G = Mean time per level.
                   A        B        C        D        E       F      G
               +--------+--------+--------+--------+--------+-----+--------+
         Total |    425 |    402 |     23 |      0 |    130 |   3 |  141.7 |
       Dungeon |    425 |    402 |     23 |      0 |    130 |   3 |  141.7 |
               +--------+--------+--------+--------+--------+-----+--------+

Top non-repeatable levels by time:
     D:2: 298 daAuts
     D:3: 80 daAuts
     D:1: 46 daAuts
